 Dungeon Crawl Stone Soup version 0.31.0-32-g396128a36d (webtiles) character file.

Game seed: 12613224961664064300

1694412 Cuillere the Minotaur Porcupine (level 26, 266/266 HPs)
             Began as a Minotaur Fighter on Mar 8, 2024.
             Was a High Priest of Okawaru.
             Escaped with the Orb
             ... and 3 runes on Mar 11, 2024!
             The game lasted 04:51:19 (67522 turns).

Cuillere the Minotaur Porcupine (Minotaur Fighter) Turns: 67522, Time: 04:51:20

Health: 266/266    AC: 41    Str: 36    XL:     26   Next: 49%
Magic:  27/27      EV: 14    Int:  5    God:    Okawaru [*****.]
Gold:   4904       SH: 31    Dex: 11    Spells: 25/25 levels left

rFire   + . .        U - +9 demon trident (vamp)
rCold   . . .        v - +8 tower shield {reflect}
rNeg    + + +        K - +6 storm dragon scales of the Comet {rElec rN+ Will+ Stlth+}
rPois   .            h - +2 hat {Stlth+}
rElec   +            m - +2 cloak of Joy {Str+3 Dex+3}
rCorr   +            P - +1 pair of gloves
SInv    .            z - +2 pair of boots {Fly}
Will    ++...        w - amulet of regeneration Stlth
                     r - ring "Hyan" {Fire +Blink rN+ rCorr Dex-2}
HPRegen 1.44/turn    G - ring "Ehuih" {rC+ rN+}
MPRegen 0.20/turn

%: random rage (3%), reflection
@: flying, hasted, studying Stealth, very quick
A: horns 2, retaliatory headbutt, berserk 1, low MP 1, screaming 1, subdued
magic 1
0: Orb of Zot
}: 3/15 runes: barnacled, silver, gossamer
a: Renounce Religion, Evoke Blink, Heroism, Finesse, Duel


You escaped.
You worshipped Okawaru.
Okawaru was extremely pleased with you.
You visited 9 branches of the dungeon, and saw 45 of its levels.
You also visited: Ossuary.

You collected 8900 gold pieces.
You spent 3996 gold pieces at shops.

Inventory:

Hand Weapons
 F - a +0 trishula of holy wrath
 L - the +2 arbalest "Lutaok" {penet, rElec rF++ Int+2 Dex-4}
   (You found it on level 7 of the Dungeon)

   Int+2:     It affects your intelligence (+2).
   Dex-4:     It affects your dexterity (-4).
   rF++:      It greatly protects you from fire.
   rElec:     It insulates you from electricity.
 U - a +9 vampiric demon trident (weapon)
Armour
 d - +9 gold dragon scales
 h - a +2 hat of stealth (worn)
 m - the +2 cloak of Joy (worn) {Str+3 Dex+3}
   (You found it on level 2 of the Orcish Mines)

   Str+3:     It affects your strength (+3).
   Dex+3:     It affects your dexterity (+3).
 v - a +8 tower shield of reflection (worn)
 z - a +2 pair of boots of flying (worn)
 K - the +6 storm dragon scales of the Comet (worn) {rElec rN+ Will+ Stlth+}
   (Okawaru gifted it to you on level 2 of the Orcish Mines)

   rElec:     It insulates you from electricity.
   rN+:       It protects you from negative energy.
   Will+:     It increases your willpower.
   Stlth+:    It makes you more stealthy.
 O - a +2 cloak of poison resistance
 P - a +1 pair of gloves (worn)
Jewellery
 j - a ring of willpower
 r - the ring "Hyan" (left hand) {Fire +Blink rN+ rCorr Dex-2}
   (You acquired it on level 2 of the Vaults)

   [ring of fire]

   Fire:      It enhances your fire magic.
   Dex-2:     It affects your dexterity (-2).
   rF+:       It protects you from fire.
   rC-:       It makes you vulnerable to cold.
   rN+:       It protects you from negative energy.
   +Blink:    It lets you blink.
   rCorr:     It protects you from acid and corrosion.
 w - an amulet of regeneration (around neck)
 G - the ring "Ehuih" (right hand) {rC+ rN+}
   (You found it on level 5 of the Lair of Beasts)

   [ring of protection from cold]

   rC+:       It protects you from cold.
   rN+:       It protects you from negative energy.
 J - a ring of poison resistance
 Q - a +4 ring of slaying
 V - a ring of positive energy
 W - a ring of see invisible
 X - a ring of flight
Wands
 c - a wand of paralysis (25)
 i - a wand of iceblast (33)
 x - a wand of polymorph (15)
 y - a wand of mindburst (40)
 C - a wand of acid (19)
 D - a wand of flame (56)
Scrolls
 b - 3 scrolls of brand weapon
 e - a scroll of blinking
 g - 13 scrolls of amnesia
 n - 7 scrolls of fog
 p - 12 scrolls of fear
 t - 22 scrolls of teleportation
 E - a scroll of immolation
 I - 4 scrolls of revelation
 R - 3 scrolls of silence
 T - 18 scrolls of identify
Potions
 a - 8 potions of might
 f - 6 potions of enlightenment
 o - 3 potions of invisibility
 q - a potion of attraction
 s - 30 potions of curing (quivered)
 u - a potion of haste
 A - 5 potions of brilliance
 B - 3 potions of resistance
 H - 7 potions of ambrosia
 M - 12 potions of heal wounds
 S - a potion of mutation
 Z - 3 potions of cancellation
Miscellaneous
 k - a lightning rod (4/4)


   Skills:
 O Level 27 Fighting
 O Level 27 Polearms
 O Level 27 Armour
 - Level 11.2 Dodging
 + Level 26.3 Shields
 - Level 12.0 Invocations


You had 25 spell levels left.
You didn't know any spells.
Your spell library contained the following spells:

 Spells                   Type           Power      Damage    Failure   Level
 Apportation              Tloc           0%         N/A       65%         1
 Freeze                   Ice            0%         1d3       65%         1
 Magic Dart               Conj           0%         1d3       65%         1
 Sandblast                Erth           0%         2d4       65%         1
 Slow                     Hex            0%         N/A       65%         1
 Cigotuvi's Dreadful Rot  Necr/Alch/Air  0%         N/A       80%         2
 Ensorcelled Hibernation  Hex/Ice        0%         N/A       80%         2
 Jinxbite                 Hex            0%         N/A       80%         2
 Mercury Vapours          Alch/Air       0%         N/A       80%         2
 Scorch                   Fire           0%         2d5       80%         2
 Searing Ray              Conj           0%         2d4       80%         2
 Sublimation of Blood     Necr           0%         N/A       80%         2
 Confusing Touch          Hex            0%         N/A       95%         3
 Fugue of the Fallen      Necr           0%         N/A       95%         3
 Mephitic Cloud           Conj/Alch/Air  0%         N/A       95%         3
 Ozocubu's Armour         Ice            0%         N/A       95%         3
 Passwall                 Erth           0%         N/A       95%         3
 Sigil of Binding         Hex            0%         N/A       95%         3
 Stone Arrow              Conj/Erth      0%         3d7       95%         3
 Vampiric Draining        Necr           0%         2d6       95%         3
 Volatile Blastmotes      Fire/Tloc      0%         2d10      95%         3
 Anguish                  Hex/Necr       0%         N/A       100%        4
 Brom's Barrelling Bould  Conj/Erth      0%         2d3       100%        4
 Cause Fear               Hex            0%         N/A       100%        4
 Dispel Undead            Necr           0%         3d6       100%        4
 Flame Wave               Conj/Fire      0%         2d4       100%        4
 Fulminant Prism          Conj/Alch      0%         3d5       100%        4
 Ignite Poison            Fire/Alch      0%         N/A       100%        4
 Iskenderun's Mystic Bla  Conj/Tloc      0%         2d3       100%        4
 Manifold Assault         Tloc           0%         N/A       100%        4
 Vhi's Electric Charge    Tloc/Air       0%         N/A       100%        4
 Alistair's Intoxication  Alch           0%         N/A       100%        5
 Arcjolt                  Conj/Air       0%         1d10      100%        5
 Borgnjor's Vile Clutch   Necr/Erth      0%         N/A       100%        5
 Fireball                 Conj/Fire      0%         3d3       100%        5
 Freezing Cloud           Conj/Ice/Air   0%         6-21      100%        5
 Iskenderun's Battlesphe  Conj           0%         2d6       100%        5
 Lee's Rapid Deconstruct  Erth           0%         3d4*      100%        5
 Metabolic Englaciation   Hex/Ice        0%         N/A       100%        5
 Conjure Ball Lightning   Conj/Air       0%         3x3d6     100%        6
 Dispersal                Tloc           0%         N/A       100%        6
 Eringya's Noxious Bog    Alch           0%         4d6       100%        6
 Plasma Beam              Fire/Air       0%         2x1d10    100%        6
 Enfeeble                 Hex            0%         N/A       100%        7
 Orb of Destruction       Conj           0%         9d5       100%        7
 Disjunction              Tloc           0%         N/A       100%        8
 Lehudib's Crystal Spear  Conj/Erth      0%         10d2      100%        8
 Maxwell's Capacitive Co  Air            0%         ∞         100%        8
 Call Imp                 Summ           Unusable   N/A       N/A         2
 Summon Ice Beast         Ice/Summ       Unusable   N/A       N/A         3
 Animate Armour           Summ/Erth      Unusable   N/A       N/A         4
 Animate Dead             Necr           Unusable   N/A       N/A         4
 Martyr's Knell           Necr/Summ      Unusable   N/A       N/A         4
 Summon Blazeheart Golem  Fire/Summ      Unusable   N/A       N/A         4
 Summon Lightning Spire   Summ/Air       Unusable   N/A       N/A         4
 Death Channel            Necr           Unusable   N/A       N/A         6
 Sculpt Simulacrum        Ice/Alch       Unusable   N/A       N/A         6
 Summon Cactus Giant      Summ           Unusable   N/A       N/A         6
 Spellforged Servitor     Conj/Summ      Unusable   N/A       N/A         7
 Summon Hydra             Summ           Unusable   N/A       N/A         7

Dungeon Overview and Level Annotations

Branches:
Dungeon (15/15)            Temple (1/1) D:5            Lair (5/5) D:9
 Shoals (4/4) Lair:3       Spider (4/4) Lair:2        Slime (0/5) Lair:5
    Orc (2/2) D:9             Elf (0/3) Orc:2        Vaults (5/5) D:14
  Crypt (0/3) Vaults:2     Depths (4/4) D:15            Zot (5/5) Depths:4
Ossuary (visited)

Altars:
Ashenzari
Cheibriados
Dithmenos
Elyvilon
Fedhas
Gozag
Hepliaklqana
Kikubaaqudgha
Makhleb
Nemelex Xobeh
Okawaru
Qazlal
Ru
Sif Muna
Trog
Uskayaw
Vehumet
Wu Jian
Xom
Yredelemnul
Zin
The Shining One
Jiyva

Shops:
D:2 (   D:4 =   Orc:2 =((!   Shoals:1 ?=   Shoals:2 [   Vaults:1 :   Vaults:2 (
Vaults:5 ?   Depths:3 *!!=(

Portals:
Hell: Depths:1 Depths:2 Depths:3 Depths:4
Abyss: Depths:1 Depths:3
Pandemonium: Depths:2 Depths:3
Ziggurat: Depths:2

Annotations:
D:15 1 transporter, unihiutale's ghost, journeyman OpDe
Vaults:1 2 transporters


Innate Abilities, Weirdness & Mutations

You have a pair of horns on your head.
You reflexively headbutt those who attack you in melee.
You sometimes lose your temper in combat.
Your magical capacity is low. (-10% MP)
You occasionally shout uncontrollably at your foes.
Your spells are a little easier to cast, but a little less powerful.


Message History

You impale the Orb Guardian!! Your headbutt misses the Orb Guardian.
The Orb Guardian is moderately wounded.
You block the Orb Guardian's attack.
You miss the Orb Guardian.
The Orb Guardian is moderately wounded.
You impale the Orb Guardian!!
You headbutt the Orb Guardian, but do no damage.
The Orb Guardian is heavily wounded.
The Orb Guardian hits you but does no damage.
You perforate the Orb Guardian like a sieve!!!
You kill the Orb Guardian!
Okawaru accepts your kill.
Awocack comes into view.
Awocack gestures.
Blink to where?
Press: ? - help, Dir - move target
As you read the scroll of blinking, it crumbles to dust.
Awocack gestures at you. You resist with almost no effort.
You block Awocack's attack. You block the Hell Sentinel's attack.
The Hell Sentinel hits you but does no damage.
Awocack gestures at you. You resist with almost no effort.
Blink to where?
Press: ? - help, Dir - move target
As you read the scroll of blinking, it crumbles to dust.
Awocack gestures at you. The bolt of lightning hits you. You resist.
The bolt of lightning hits you. You resist.
Blink to where?
Press: ? - help, Dir - move target
As you read the scroll of blinking, it crumbles to dust.
You feel yourself speed up. Awocack gestures at you.
The bolt of lightning hits you! You resist. Awocack gestures at you.
You resist with almost no effort.
There is an open door here.
There is a staircase leading out of the dungeon here.
You have escaped!

###...##
#.#######.##########
.......##### #.♣#♣# #.#
#..........♣ #♣♣..♣ ♣.#
.#.....###♣♣#♣♣.♣.♣♣♣#.#
.##...## ##...........♣#
###### .###.##
♣~...........#♣ #.....
.# ### ♣#..###'###..~#
#.#### .#
##..#.....#..♣♣ #.# .#
♣♣...#..@..#...## #.# .#
#.#..#.....#..#.♣ #.# ##
###♣...#....P#...## #.#
#.##♣..#..[..#..♣♣ #.#
#.# #..##'####..## #.#
#.# #...........~# #.##
#.# #...........♣# #..#
#.###♣#♣♣.#.♣♣~♣# ##.#
#######.#..♣ #♣..~♣##
#.#


There were no monsters in sight!

Vanquished Creatures
  2 dread liches
  2 ancient liches
  4 orbs of fire (Zot:4)
  Mara (Vaults:2)
  2 juggernauts
  Boris (Depths:3)
  Parghit (Zot:2)
  6 Killer Klowns (Zot:5)
  A curse toe (Zot:5)
  6 caustic shrikes
  9 golden dragons
  Norris (Vaults:2)
  A bone dragon (Depths:4)
  2 profane servitors
  Arachne (Spider:3)
  3 electric golems
  Rupert (Lair:3)
  Jorgrun (D:15)
  14 tentacled monstrosities
  7 liches
  2 titans (Vaults:5)
  24 Orb Guardians
  8 quicksilver dragons
  Polyphemus (Shoals:3)
  10 sphinxes
  A walking frostbound tome (Depths:3)
  7 death cobs
  Agnes (D:15)
  Kirke (D:13)
  8 tengu reavers
  10 shadow dragons
  13 storm dragons
  5 protean progenitors
  Aizul (Spider:1)
  5 draconian knights
  6 draconian monks
  5 fire giants
  2 iron dragons
  4 deep elf sorcerers (Vaults:5)
  8 draconian shifters
  11 vault wardens
  7 ghost moths
  A balrug (Depths:2)
  6 emperor scorpions
  9 frost giants
  A curse skull (Vaults:2)
  4 draconian scorchers
  5 formless jellyfish
  2 spriggan defenders
  3 orc warlords
  21 ironbound preservers
  An angel (Shoals:4)
  15 stone giants
  32 very ugly things
  4 broodmothers
  7 draconian annihilators
  An apis (Shoals:3)
  15 green draconians
  10 ironbound thunderhulks
  5 vampire knights
  11 black draconians
  11 red draconians
  20 dire elephants
  4 war gargoyles
  2 deep elf annihilators
  4 purple draconians
  13 white draconians
  13 ettins
  10 spark wasps
  7 yellow draconians
  A green death (D:1)
  7 merfolk javelineers (Shoals:4)
  11 yaktaur captains
  A blizzard demon (Depths:3)
  13 fire dragons
  2 crystal guardians (Vaults:4)
  15 merfolk impalers
  4 jiangshi
  7 entropy weavers
  A deep elf high priest (Vaults:5)
  12 ice dragons
  2 ogre magi
  2 rakshasas
  7 hydras
  Erolcha (Orc:1)
  11 centaur warriors
  5 great orbs of eyes
  3 peacekeepers
  2 alligators (Zot:2)
  8 spriggan air magi
  A spriggan skeleton (Depths:3)
  A jorogumo (Spider:4)
  2 merfolk avatars (Shoals:1)
  28 vault guards
  10 two-headed ogres
  An alligator snapping turtle (Shoals:4)
  9 ironbound frosthearts
  3 radroaches
  6 merfolk aquamancers
  11 boulder beetles
  10 deep troll earth magi
  5 catoblepae
  6 death scarabs (Spider:4)
  7 tengu warriors
  3 spriggan berserkers
  6 death yaks
  6 deep troll shamans
  An occultist (Depths:2)
  A spectral emperor scorpion (Spider:4)
  A dancing weapon (Vaults:5)
  21 hell knights
  3 vampire magi
  Urug (D:9)
  7 demonic crawlers
  5 orc high priests (Orc:2)
  2 shock serpents (shapeshifter)
  Sonja (D:13)
  A sun demon (Depths:3)
  4 skeletal warriors (D:15)
  2 soul eaters (Depths:3)
  Nergalle (D:11)
  5 skysharks
  11 pharaoh ants
  2 golden dragon zombies (Depths:3)
  2 goliath frogs (Zot:5)
  A shining eye (shapeshifter) (Depths:3)
  12 iron trolls
  Lodul (D:13)
  2 sun moths
  A mana viper (shapeshifter) (Vaults:5)
  5 orb spiders
  11 sea snakes
  65 deep trolls
  4 cherubim (Shoals:4)
  8 phantasmal warriors
  11 arcanists
  5 glowing orange brains
  A wolf spider zombie (Spider:4)
  14 lindwurms
  4 steelbarb worms
  17 ironbound convokers
  13 necromancers
  Pikel (D:8)
  4 deep elf pyromancers
  10 harpies
  14 orc knights
  29 wolf spiders
  The ghost of Frank the Cudgeller, a novice DsFi (D:5)
  4 cyclopes
  46 ugly things
  A manticore (shapeshifter) (Vaults:5)
  4 fauns
  Maurice (D:7)
  6 manticores
  7 orc sorcerers
  3 meliai (D:13)
  25 moths of wrath
  A titan simulacrum (Depths:3)
  4 elephants (Lair:5)
  A guardian serpent (shapeshifter) (Vaults:4)
  7 kobold blastminers
  4 water nymphs
  3 merfolk sirens
  5 torpor snails
  2 smoke demons (Depths:2)
  2 eyes of devastation (shapeshifter) (Depths:3)
  25 vault sentinels
  5 black mambas
  10 cane toads
  5 spectral redbacks (Spider:4)
  2 gargoyles
  An efreet (Zot:2)
  16 yaktaurs
  4 unseen horrors
  A yaktaur zombie (Vaults:3)
  A kobold demonologist (D:9)
  2 rime drakes (Lair:5)
  2 redback zombies (Spider:4)
  17 komodo dragons
  2 freezing wraiths
  4 tengu conjurers
  6 polar bears (Lair:5)
  12 trolls
  10 wind drakes
  11 hornets
  24 merfolk
  A wolf spider simulacrum (D:15)
  23 tarantellas
  4 spectral tarantellas (Spider:4)
  10 dream sheep
  2 culicivora zombies (Spider:4)
  4 blink frogs (Lair:5)
  6 snapping turtles
  A snapping turtle (shapeshifter) (Vaults:4)
  2 spectral culicivoras (Spider:4)
  A spectral jumping spider (Spider:4)
  34 jumping spiders
  14 spriggans
  23 culicivoras
  Eustachio (D:5)
  37 slime creatures
  A jumping spider (shapeshifter) (D:15)
  A spriggan (shapeshifter) (D:14)
  15 water elementals
  Sigmund (D:6)
  2 shadows (D:12)
  A hog (D:13)
  29 yaks
  4 wyverns
  Grum (D:8)
  24 humans
  21 fire elementals
  5 vampires
  2 basilisks
  59 redbacks
  3 wargs
  A golden eye (shapeshifter) (D:15)
  2 steam dragons
  10 vampire mosquitoes
  An acid dragon (D:9)
  15 water moccasins
  5 ice beasts
  6 black bears
  48 orc warriors
  A sky beast (D:7)
  2 laughing skulls (D:13)
  19 ogres
  40 wolves
  9 boggarts
  4 centaurs
  3 lemures (D:8)
  2 phantoms
  11 bullfrogs
  Blork the orc (D:5)
  5 kobold brigands
  5 scorpions
  2 gnoll sergeants
  A human simulacrum (Vaults:3)
  An elf skeleton (D:6)
  2 elf zombies
  An ogre simulacrum (Vaults:3)
  4 wights
  A burial acolyte (Ossuary)
  10 killer bees
  10 howler monkeys
  An electric eel (D:8)
  2 gnoll boudas
  3 bombardier beetles
  A bombardier beetle (shapeshifter) (Vaults:4)
  2 centaur zombies (Ossuary)
  6 hounds
  15 jellies
  24 orc priests
  2 human zombies
  A human skeleton (D:6)
  Ijyb (D:4)
  14 orc wizards
  Natasha (thrice) (D:2)
  3 iguanas
  A killer bee zombie (Ossuary)
  A bullfrog simulacrum (Ossuary)
  A boggart simulacrum (D:14)
  A hound zombie (Ossuary)
  3 mummies (Ossuary)
  Robin (D:2)
  8 gnolls
  6 adders
  3 shadow imps
  A white imp (D:5)
  6 adder zombies (Ossuary)
  4 dart slugs
  4 ribbon worms (Lair:2)
  86 orcs
  9 ball pythons
  8 bats
  11 endoplasms
  4 giant cockroaches
  16 goblins
  7 hobgoblins
  5 quokkas
  3 ball python zombies (Ossuary)
  2 frilled lizards
  3 gnoll zombies (Ossuary)
  4 jackal zombies (Ossuary)
  16 kobolds
  2 kobold zombies (Ossuary)
  3 orc skeletons (D:6)
  3 orc zombies (Ossuary)
  3 rats
2121 creatures vanquished.

Vanquished Creatures (others)
  A rakshasa (Depths:1)
  A merfolk (Shoals:4)
  A culicivora (Spider:3)
  A spriggan (Lair:5)
  An orc priest (Orc:2)
  3 orc wizards
  3 orcs
11 creatures vanquished.

Grand Total: 2132 creatures vanquished

Notes
Turn   | Place    | Note
-------+----------+-------------------------------------------
     0 | D:1      | Cuillere the Minotaur Fighter began the quest for the Orb.
     0 | D:1      | Reached XP level 1. HP: 19/19 MP: 0/0
   204 | D:1      | Reached XP level 2. HP: 27/27 MP: 1/1
   400 | D:1      | Reached skill level 1 in Dodging
   898 | D:2      | Found Hanet's Antique Weapon Emporium.
   930 | D:2      | Reached XP level 3. HP: 33/33 MP: 2/2
   946 | D:2      | Found a shimmering altar of Xom.
   958 | D:2      | Noticed Natasha
   964 | D:2      | Killed Natasha
  1112 | D:2      | Reached XP level 4. HP: 40/40 MP: 3/3
  1290 | D:2      | Noticed Natasha
  1295 | D:2      | Killed Natasha
  1373 | D:2      | Noticed Natasha
  1377 | D:2      | Killed Natasha
  1411 | D:2      | Noticed Robin
  1418 | D:2      | Killed Robin
  1419 | D:2      | Reached XP level 5. HP: 47/47 MP: 4/4
  2234 | D:3      | Found a faded altar of an unknown god.
  2316 | D:4      | Identified the +7 leather armour of Tyocug {Fly Dex+8}
  2318 | D:4      | Reached skill level 5 in Polearms
  2482 | D:4      | Noticed Ijyb
  2491 | D:4      | Killed Ijyb
  2568 | D:4      | Reached XP level 6. HP: 53/53 MP: 5/5
  2624 | D:4      | Found Owuaropi's Jewellery Emporium.
  2648 | D:4      | Reached skill level 5 in Armour
  3182 | D:5      | Entered Level 5 of the Dungeon
  3219 | D:5      | Noticed Eustachio
  3223 | D:5      | Killed Eustachio
  3224 | D:5      | Reached skill level 5 in Fighting
  3229 | D:5      | Noticed Blork the orc
  3236 | D:5      | Killed Blork the orc
  3237 | D:5      | Reached XP level 7. HP: 61/61 MP: 6/6
  3339 | D:5      | Found a large runed translucent door.
  3339 | D:5      | Found a large runed translucent door.
  3348 | D:5      | Noticed Frank's ghost (novice DsFi)
  3743 | D:5      | Found an ancient bone altar of Kikubaaqudgha.
  3744 | D:5      | Found a staircase to the Ecumenical Temple.
  3761 | Temple   | Entered the Ecumenical Temple
  3769 | Temple   | Became a worshipper of Warmaster Okawaru
  3865 | D:5      | Killed Frank's ghost
  3865 | D:5      | Reached * piety under Okawaru
  3866 | D:5      | Reached XP level 8. HP: 62/71 MP: 7/7
  3987 | D:6      | Reached skill level 5 in Dodging
  4106 | D:6      | Found a sand-covered staircase.
  4117 | Ossuary  | Entered an ossuary
  4340 | Ossuary  | Reached ** piety under Okawaru
  4466 | Ossuary  | Reached skill level 1 in Invocations
  4532 | D:6      | Reached XP level 9. HP: 79/79 MP: 8/8
  4603 | D:6      | Noticed Sigmund
  4619 | D:6      | Killed Sigmund
  5377 | D:7      | Reached *** piety under Okawaru
  5392 | D:7      | Reached skill level 10 in Polearms
  5472 | D:7      | Noticed a purple ugly thing
  5472 | D:7      | Noticed a troll
  5472 | D:7      | Noticed a purple ugly thing
  5472 | D:7      | Noticed a troll
  5484 | D:7      | Killed a purple ugly thing
  5495 | D:7      | Killed a troll
  5495 | D:7      | Reached **** piety under Okawaru
  5496 | D:7      | Reached XP level 10. HP: 89/91 MP: 8/11
  5605 | D:7      | Killed a purple ugly thing
  5634 | D:7      | Reached ***** piety under Okawaru
  5647 | D:7      | Identified the +0 chain mail "Jaegouso" {Regen+}
  5647 | D:7      | Identified the +2 arbalest "Lutaok" {penet, rElec rF++
                  | Int+2 Dex-4}
  5776 | D:7      | Received a gift from Okawaru
  6105 | D:7      | Noticed Maurice
  6133 | D:7      | Reached skill level 10 in Fighting
  6171 | D:7      | Something stole an amulet of faith
  6175 | D:7      | Something stole 139 gold
  6179 | D:7      | Something stole the +2 arbalest "Lutaok" {penet, rElec rF++
                  | Int+2 Dex-4}
  6181 | D:7      | Something stole a +0 tower shield
  6185 | D:7      | Something stole 271 gold
  6195 | D:7      | Killed Maurice
  6468 | D:8      | Noticed Grum
  6481 | D:8      | Killed Grum
  6714 | D:8      | Found a stormy altar of Qazlal.
  6714 | D:8      | Found a shimmering blue altar of Sif Muna.
  6800 | D:8      | Received a gift from Okawaru
  6860 | D:8      | Reached XP level 11. HP: 101/101 MP: 13/13
  6976 | D:8      | Noticed Pikel
  6998 | D:8      | Killed Pikel
  7147 | D:9      | Found a burning altar of Makhleb.
  7182 | D:9      | Found a staircase to the Orcish Mines.
  7249 | D:9      | Found a staircase to the Lair.
  7332 | D:9      | Noticed a two-headed ogre
  7347 | D:9      | Killed a two-headed ogre
  7348 | D:9      | Reached skill level 5 in Invocations
  7609 | D:9      | Received a gift from Okawaru
  8140 | D:9      | Identified the +8 war axe of the Fulmar {elec, rN+ Str+2}
  8237 | Orc:1    | Entered Level 1 of the Orcish Mines
  8332 | Orc:1    | Noticed Erolcha
  8342 | Orc:1    | Killed Erolcha
  8343 | Orc:1    | Reached skill level 10 in Armour
  8646 | Orc:1    | Noticed Urug
  8815 | D:9      | Killed Urug
  9070 | Orc:1    | Noticed an orc knight
  9112 | D:9      | Killed an orc knight
  9277 | Orc:1    | Received a gift from Okawaru
  9497 | Orc:2    | Entered Level 2 of the Orcish Mines
  9560 | Orc:2    | Reached XP level 12. HP: 113/113 MP: 15/15
  9836 | Orc:2    | Noticed a two-headed ogre
  9846 | Orc:2    | Killed a two-headed ogre
 10006 | Orc:2    | Noticed a two-headed ogre
 10014 | Orc:2    | Killed a two-headed ogre
 10324 | Orc:2    | Noticed an orc high priest
 10334 | Orc:2    | Killed an orc high priest
 10498 | Orc:2    | Paralysed by an orc sorcerer for 4 turns
 10799 | Orc:2    | Paralysed by an orc sorcerer for 5 turns
 11194 | Orc:2    | Identified the +2 cloak of Joy {Str+3 Dex+3}
 11263 | Orc:2    | Found a staircase to the Elven Halls.
 11357 | Orc:2    | Received a gift from Okawaru
 11743 | Orc:2    | Found Aniqo's Antique Weapon Boutique.
 11776 | Orc:2    | Noticed an orc high priest
 11787 | Orc:2    | Killed an orc high priest
 11876 | Orc:2    | Noticed an orc high priest
 11888 | Orc:2    | Killed an orc high priest
 12038 | Orc:2    | Noticed an orc warlord
 12060 | Orc:2    | Killed an orc warlord
 12103 | Orc:2    | Noticed an orc high priest
 12135 | Orc:2    | Killed an orc high priest
 12313 | Orc:2    | Found Iriedy's Distillery.
 12313 | Orc:2    | Noticed an orc high priest
 12321 | Orc:2    | Killed an orc high priest
 12333 | Orc:2    | Bought a potion of haste for 100 gold pieces
 12333 | Orc:2    | Bought a potion of curing for 30 gold pieces
 12333 | Orc:2    | Bought a potion of might for 40 gold pieces
 12515 | Orc:2    | Reached ****** piety under Okawaru
 12515 | Orc:2    | Received a gift from Okawaru
 12516 | Orc:2    | Reached XP level 13. HP: 123/123 MP: 17/17
 12604 | Orc:2    | Acquired the +6 storm dragon scales of the Comet {rElec rN+
                  | Will+ Stlth+}
 12604 | Orc:2    | Received a gift from Okawaru
 12615 | Orc:2    | Acquired the +4 bardiche of the Ghost {freeze, rElec rF+
                  | rC+ Will-}
 12615 | Orc:2    | Received a gift from Okawaru
 13001 | Orc:2    | Reached skill level 15 in Polearms
 13049 | Orc:2    | Found Xostoan's Antique Weapon Emporium.
 13060 | Orc:2    | Found Kaohehae's Jewellery Shoppe.
 13078 | Orc:2    | Bought an amulet of reflection for 480 gold pieces
 13078 | Orc:2    | Bought a ring of see invisible for 240 gold pieces
 13078 | Orc:2    | Bought a ring of flight for 280 gold pieces
 13448 | Lair:1   | Entered Level 1 of the Lair of Beasts
 14277 | Lair:2   | Found a hole to the Spider Nest.
 14281 | Lair:2   | Reached skill level 5 in Shields
 15054 | Lair:3   | Found a staircase to the Shoals.
 15377 | Lair:3   | Received a gift from Okawaru
 15594 | Lair:3   | Reached skill level 15 in Fighting
 15637 | Lair:3   | Noticed Rupert
 15637 | Lair:3   | Paralysed by Rupert for 3 turns
 15651 | Lair:3   | Killed Rupert
 16353 | Lair:4   | Found the +6 lightning scales {swift, rElec}
 16530 | Lair:4   | Received a gift from Okawaru
 17016 | Lair:5   | Entered Level 5 of the Lair of Beasts
 17046 | Lair:5   | Reached XP level 14. HP: 127/135 MP: 18/18
 17227 | Lair:5   | Found a staircase to the Slime Pits.
 17227 | Lair:5   | Found a viscous altar of Jiyva.
 17501 | Lair:5   | Received a gift from Okawaru
 17602 | Lair:5   | Identified the +1 orcbow of Woothex {antimagic, Str+2}
 18060 | Lair:5   | Received a gift from Okawaru
 18186 | Lair:5   | Identified the ring "Ehuih" {rC+ rN+}
 18738 | Spider:1 | Entered Level 1 of the Spider Nest
 19103 | Spider:1 | Noticed an emperor scorpion
 19125 | Spider:1 | Killed an emperor scorpion
 19323 | Spider:2 | Noticed a broodmother
 19331 | Spider:1 | Killed a broodmother
 19336 | Spider:1 | Reached XP level 15. HP: 75/145 MP: 18/20
 19548 | Spider:2 | Reached skill level 10 in Shields
 19669 | Spider:1 | Identified the serpent talisman of Leapfrog {Str+8}
 19669 | Spider:1 | Noticed Aizul
 19868 | Spider:1 | Killed Aizul
 20052 | Spider:1 | Received a gift from Okawaru
 21374 | Spider:2 | You fall into a shaft and drop 1 floor!
 21776 | Spider:2 | Identified the +4 mace "Gex Niwk" {freeze, rC+}
 22157 | Spider:3 | Reached skill level 15 in Armour
 22160 | Spider:3 | Received a gift from Okawaru
 22878 | Spider:3 | Identified the +7 mace of Objectivity {protect, rElec Int+2
                  | Dex+3}
 22985 | Spider:3 | Identified the +11 mace of Melee {drain, *Slow rCorr Int+6}
 22997 | Spider:3 | Noticed Arachne
 23007 | Spider:3 | Killed Arachne
 23133 | Spider:4 | Entered Level 4 of the Spider Nest
 23157 | Spider:4 | Received a gift from Okawaru
 23439 | Spider:4 | Reached XP level 16. HP: 115/149 MP: 22/22
 24118 | Spider:3 | HP: 3/156 [redback (10)]
 24628 | Spider:4 | Reached skill level 10 in Invocations
 24773 | Spider:4 | Received a gift from Okawaru
 25785 | Spider:4 | Received a gift from Okawaru
 26405 | Spider:4 | Identified the +0 leather armour of Helaukk {rC+ Stlth+}
 27015 | Spider:4 | Received a gift from Okawaru
 27497 | Spider:4 | Got a gossamer rune of Zot
 27736 | Shoals:1 | Entered Level 1 of the Shoals
 28372 | Shoals:1 | Reached XP level 17. HP: 166/166 MP: 24/24
 28472 | Shoals:1 | Found Loutiamn's Magic Scroll Emporium.
 28476 | Shoals:1 | Bought a scroll of teleportation for 36 gold pieces
 28476 | Shoals:1 | Bought a scroll of blinking for 90 gold pieces
 28476 | Shoals:1 | Bought a scroll of brand weapon for 114 gold pieces
 28476 | Shoals:1 | Bought a scroll of teleportation for 36 gold pieces
 28476 | Shoals:1 | Bought a scroll of brand weapon for 114 gold pieces
 28476 | Shoals:1 | Bought a scroll of revelation for 90 gold pieces
 28476 | Shoals:1 | Bought a scroll of silence for 114 gold pieces
 28626 | Shoals:1 | Found Wyubbuv's One-of-a-Kind Rings.
 28647 | Shoals:1 | Identified the +3 short sword of Kaatoam {holy, ^Fragile
                  | rPois rF++ Str+4}
 29180 | Shoals:2 | Received a gift from Okawaru
 29694 | Shoals:2 | Found Marduk's Dragon-Slaying Spoils.
 30574 | Shoals:3 | Noticed Polyphemus
 30593 | Shoals:3 | Killed Polyphemus
 30888 | Shoals:4 | Entered Level 4 of the Shoals
 30911 | Shoals:3 | Received a gift from Okawaru
 30937 | Shoals:4 | Identified the +6 halberd of Doom {flame, rF+}
 31193 | Shoals:4 | Found a glowing golden altar of the Shining One.
 31204 | Shoals:4 | Identified the +0 robe of Tuyv {Harm Regen+ Int+3 Dex+2}
 31363 | Shoals:4 | Got a barnacled rune of Zot
 31430 | Shoals:4 | Received a gift from Okawaru
 31532 | Shoals:4 | Found a glowing silver altar of Zin.
 31630 | Shoals:4 | Identified the ring "Enkaomudy" {rF- rN+ Int+2 Slay+2}
 31634 | Shoals:4 | Identified the +0 scale mail "Raivi" {rC+ Str+3 Dex+3}
 31746 | Shoals:4 | Found a white marble altar of Elyvilon.
 31770 | Shoals:4 | Identified the +5 falchion of Kismet {freeze, rPois}
 32371 | D:10     | Entered Level 10 of the Dungeon
 32894 | D:10     | Received a gift from Okawaru
 33301 | D:11     | Noticed Nergalle
 33308 | D:11     | Killed Nergalle
 33309 | D:11     | Reached XP level 18. HP: 175/176 MP: 26/26
 33371 | D:11     | Found a transporter.
 33378 | D:11     | Found a transporter.
 33378 | D:11     | Found a transporter.
 33402 | D:11     | Found a transporter.
 33962 | D:12     | Identified the +5 long sword of Equivalence {flame, rN++
                  | Dex+3 Stlth+}
 34704 | D:13     | Noticed Sonja
 34725 | D:13     | Killed Sonja
 34728 | D:13     | Reached skill level 15 in Shields
 34778 | D:13     | Noticed Kirke
 34797 | D:13     | Killed Kirke
 35089 | D:13     | Noticed Lodul
 35105 | D:13     | Killed Lodul
 35271 | D:13     | Found the +7 great mace "Undeadhunter" {deathbane, rN+}
 35414 | D:14     | Found a shimmering altar of Xom.
 35414 | D:14     | Found a shimmering altar of Xom.
 35415 | D:14     | Found a shimmering altar of Xom.
 35426 | D:14     | Found a shimmering altar of Xom.
 35492 | D:14     | Received a gift from Okawaru
 35869 | D:14     | Found a gate to the Vaults.
 35925 | D:14     | Identified the +6 scale mail of Quraawutt {rF- Dex+3}
 36283 | D:15     | Entered Level 15 of the Dungeon
 36507 | D:15     | Found a transporter.
 36518 | D:15     | Noticed unihiutale's ghost (journeyman OpDe)
 36667 | D:15     | Noticed Jorgrun
 36690 | D:15     | Killed Jorgrun
 36904 | D:15     | Received a gift from Okawaru
 37052 | D:15     | Found a staircase to the Depths.
 37158 | D:15     | Noticed Agnes
 37169 | D:15     | Killed Agnes
 37550 | Vaults:1 | Entered Level 1 of the Vaults
 37839 | Vaults:1 | Identified the +1 spear "Zirghuek" {flame, ^Fragile rPois
                  | rN+}
 37840 | Vaults:1 | Noticed an ancient lich
 37842 | Vaults:1 | Identified the amulet "Lublehichi" {Faith Rampage ^Fragile
                  | Int+5}
 37874 | Vaults:1 | Found a transporter.
 37894 | Vaults:1 | Found a transporter.
 38161 | Vaults:1 | Killed an ancient lich
 38161 | Vaults:1 | Received a gift from Okawaru
 38195 | Vaults:1 | Reached XP level 19. HP: 176/187 MP: 13/27
 38655 | Vaults:1 | Received a gift from Okawaru
 38817 | Vaults:1 | Found Kevawn's Book Shoppe.
 39379 | Vaults:2 | Identified 2 scrolls of acquirement
 39422 | Vaults:2 | Acquired 497 gold pieces
 39423 | Vaults:2 | Acquired the ring "Hyan" {Fire +Blink rN+ rCorr Dex-2}
 39465 | Vaults:2 | Paralysed by a formless jellyfish for 1 turns
 39542 | Vaults:2 | Received a gift from Okawaru
 39554 | Vaults:2 | Noticed Norris
 39605 | Vaults:2 | Killed Norris
 40000 | Vaults:2 | Identified the +1 ring mail "Puewk" {Int+3}
 40096 | Vaults:1 | Identified the +3 scale mail of the Slightly Bent {Regen+}
 40191 | Vaults:2 | Identified the +5 morningstar of the Shallot {antimagic,
                  | rN+ Will+ Stlth+}
 40271 | Vaults:2 | Found a staircase to the Crypt.
 40298 | Vaults:2 | Received a gift from Okawaru
 40351 | Vaults:2 | Identified the +4 arbalest of the Vanishing Songs {elec,
                  | *Corrode +Blink rPois rF++}
 40389 | Vaults:2 | Noticed Mara
 40393 | Vaults:2 | Noticed Cuillere's illusion
 40419 | Vaults:2 | Noticed Cuillere's illusion
 40475 | Vaults:2 | Killed Mara
 40984 | Vaults:2 | Found Dyump's Weapon Shoppe.
 41385 | Vaults:3 | Received a gift from Okawaru
 41973 | Vaults:3 | Reached XP level 20. HP: 199/199 MP: 28/28
 42610 | Vaults:3 | Identified the +7 trident "Ujaerghuce" {heavy, rC+ MP+9
                  | Str+3}
 42658 | Vaults:3 | Identified the +3 quarterstaff of Kismet {antimagic, *Rage
                  | Str+3 Dex+6}
 45251 | Vaults:4 | Received a gift from Okawaru
 45385 | Vaults:5 | Entered Level 5 of the Vaults
 45408 | Vaults:4 | Reached XP level 21. HP: 209/209 MP: 23/29
 46056 | Vaults:5 | Noticed an ancient lich
 46283 | Vaults:4 | Killed an ancient lich
 46505 | Vaults:5 | Identified the +0 scale mail "Udapteunt" {Str+2 Stlth+}
 46544 | Vaults:5 | Got the Codex of the Serac
 46942 | Vaults:5 | Found Vuapidui's Magic Scroll Emporium.
 46958 | Vaults:5 | Bought a scroll of revelation for 127 gold pieces
 46958 | Vaults:5 | Bought a scroll of teleportation for 51 gold pieces
 47080 | Vaults:5 | Got a silver rune of Zot
 47122 | Vaults:5 | Received a gift from Okawaru
 47410 | Vaults:5 | Identified the +2 pair of boots of the Vanishing Seas {rF-
                  | Str+3 Dex+6 Stlth+}
 49011 | Depths:1 | Entered Level 1 of the Depths
 49099 | Depths:1 | Identified the +7 long sword of Courage {heavy, rF+ Str+2
                  | Stlth+}
 49451 | Depths:1 | Reached XP level 22. HP: 222/222 MP: 30/30
 49568 | Depths:1 | Found a one-way gate to the infinite horrors of the Abyss.
 49833 | Depths:1 | Identified the +5 orcbow "Napufa" {drain, Fly Dex+3}
 49866 | Depths:1 | Received a gift from Okawaru
 50257 | Depths:1 | Found a gateway to Hell.
 50704 | Depths:2 | Found a one-way gateway to a ziggurat.
 50704 | Depths:2 | Noticed an ancient lich
 51111 | Depths:2 | Identified the +11 battleaxe "Noxzeyse" {pain, ^Contam Fly
                  | rN+ Int+6}
 51116 | Depths:2 | Noticed a juggernaut
 51142 | Depths:2 | Killed a juggernaut
 51322 | Depths:2 | Found a one-way gate leading to the halls of Pandemonium.
 51370 | Depths:2 | Found a magical portal.
 51639 | Depths:2 | Noticed a caustic shrike
 51665 | Depths:2 | Killed a caustic shrike
 51697 | Depths:2 | Found a burning altar of Makhleb.
 53188 | Depths:3 | Found Toudd's Distillery.
 53225 | Depths:3 | Noticed a golden dragon
 53226 | Depths:3 | Received a gift from Okawaru
 53251 | Depths:3 | Killed a golden dragon
 53458 | Depths:3 | Found Fapeth's Jewellery Boutique.
 53458 | Depths:3 | Found Fehifezi's Assorted Antiques.
 53462 | Depths:3 | Found Ilili's Distillery.
 53468 | Depths:3 | Reached XP level 23. HP: 232/232 MP: 31/31
 53469 | Depths:3 | Bought a potion of might for 48 gold pieces
 53469 | Depths:3 | Bought a potion of curing for 36 gold pieces
 53469 | Depths:3 | Bought a potion of curing for 36 gold pieces
 53469 | Depths:3 | Bought 2 potions of heal wounds for 120 gold pieces
 53475 | Depths:3 | Bought a scroll of fear for 136 gold pieces
 53475 | Depths:3 | Bought a scroll of teleportation for 102 gold pieces
 53475 | Depths:3 | Bought a scroll of fear for 136 gold pieces
 53481 | Depths:3 | Bought a potion of experience for 1200 gold pieces
 53481 | Depths:3 | Bought 2 potions of curing for 144 gold pieces
 53481 | Depths:3 | Bought a potion of might for 96 gold pieces
 53490 | Depths:3 | Reached XP level 24. HP: 240/240 MP: 31/31
 53510 | Depths:3 | Found Reintec's Antique Weapon Boutique.
 53805 | Depths:3 | Noticed a juggernaut
 53817 | Depths:3 | Killed a juggernaut
 53903 | Depths:3 | Received a gift from Okawaru
 53999 | Depths:3 | Found a white marble altar of Elyvilon.
 54835 | Depths:4 | Entered Level 4 of the Depths
 55033 | Depths:4 | Noticed Boris
 55071 | Depths:3 | Killed Boris
 55123 | Depths:3 | Received a gift from Okawaru
 55610 | Depths:4 | Found a gate to the Realm of Zot.
 56175 | Depths:4 | Received a gift from Okawaru
 56539 | Zot:1    | Entered Level 1 of the Realm of Zot
 57080 | Zot:1    | You are sucked into a shaft and drop 1 floor!
 57687 | Zot:2    | Reached XP level 25. HP: 248/253 MP: 31/31
 58148 | Zot:2    | Received a gift from Okawaru
 58870 | Zot:3    | Noticed Parghit
 58949 | Zot:2    | Killed Parghit
 59027 | Zot:3    | Identified the +1 arbalest of Ginucesk {speed, Str+5}
 60933 | Zot:4    | Received a gift from Okawaru
 61771 | Zot:4    | Noticed an orb of fire
 61776 | Zot:4    | Gained mutation: You sometimes lose your temper in combat.
                  | [an orb of fire]
 61788 | Zot:4    | Gained mutation: Your spells are a little easier to cast,
                  | but a little less powerful. [an orb of fire]
 61789 | Zot:4    | Killed an orb of fire
 61790 | Zot:4    | Reached skill level 27 in Polearms
 61970 | Zot:5    | Entered Level 5 of the Realm of Zot
 63302 | Zot:5    | Identified the +8 chain mail "Ushrug" {Fly rPois Will-}
 63592 | Zot:5    | Reached skill level 27 in Fighting
 63962 | Zot:5    | Noticed an orb of fire
 64083 | Zot:5    | Noticed an orb of fire
 64098 | Zot:4    | Killed an orb of fire
 64120 | Zot:4    | Killed an orb of fire
 64135 | Zot:4    | Reached XP level 26. HP: 266/266 MP: 1/31
 64313 | Zot:5    | Noticed an orb of fire
 64316 | Zot:5    | Noticed a dread lich
 64319 | Zot:5    | Gained mutation: Your magical capacity is low. (-10% MP)
                  | [an orb of fire]
 64334 | Zot:4    | Gained mutation: You occasionally shout uncontrollably at
                  | your foes. [an orb of fire]
 64335 | Zot:4    | Killed an orb of fire
 64415 | Zot:5    | Killed a dread lich
 65349 | Zot:4    | Received a gift from Okawaru
 65622 | Zot:5    | Reached skill level 27 in Armour
 65706 | Zot:5    | Noticed a dread lich
 65732 | Zot:4    | Killed a dread lich
 66719 | Zot:5    | Got the Orb of Zot
 66999 | Depths:1 | Noticed Exaffis the pandemonium lord
 67483 | D:1      | Noticed Awocack the pandemonium lord
 67522 | D:$      | Escaped with the Orb!

Illustrated notes

Levels and vault maps discovered:
D:1:      saegor_arrival_under_anarchy, layout_loops_ring,
          amcnicky_mini_pool_small
D:2:      layout_basic, basic_altar, serial_shops, shop, nicolae_titane,
          uniq_natasha, uniq_robin
D:3:      layout_rooms, shapermc_ecumenical_altar_petra, bh_walls_and_bars
D:4:      layout_basic, serial_shops, shop, chequers_serial_rivers_micro_d,
          uniq_ijyb
D:5:      layout_gridville, mainiacjoe_overflow_alcove_1,
          minmay_temple_entry_crystal_x, ebering_ghost_disaster_area,
          kennysheep_decorative_pillar, uniq_eustachio, uniq_blork_the_orc
D:6:      layout_basic, nicolae_ossuary_entry_catacombs,
          minmay_misc_feat_columns, hex_large, uniq_sigmund
D:7:      minmay_the_grid_triangle_9x9_rhombus_thin
          [minmay_the_grid_triangle_9x9_swiss_cheese,
          minmay_the_grid_triangle_9x9_prize_top_heavy,
          minmay_the_grid_triangle_9x9_semitri,
          minmay_the_grid_triangle_9x9_odd_lines], layout_gridville,
          minmay_unpleasant_kobolds, uniq_maurice
D:8:      layout_cave_pools, jmf_multi_god_temple, kennysheep_dice, uniq_grum,
          uniq_pikel
D:9:      layout_loops_ring, lemuel_crystal_altar, erik_lair_island,
          minmay_fractal_squares_diagonal_5
D:10:     minmay_evil_eye, layout_loops_ring, nicolae_two_hexagons
D:11:     layout_roguey, nicolae_transporter_circle, uniq_nergalle
D:12:     layout_small_grid
D:13:     layout_loops_ring, uniq_sonja, uniq_lodul, uniq_kirke
D:14:     layout_roguey, grunt_vaults_entry_tiered, xom_redecorated
D:15:     hangedman_depths_entry_civil_slaughter, layout_loops_corners,
          gammafunk_ghost_abyssal_escape, uniq_jorgrun, uniq_agnes
Temple:   hc_temple_tempest_star
Lair:1:   layout_misc_corridors
Lair:2:   layout_cave_pods, nicolae_spider_entry_non_spiders
Lair:3:   layout_cellular_growth, elwin_shoals_entry_rocks,
          small_statue_intersection, uniq_rupert
Lair:4:   layout_loops_ring, minmay_hedge_maze
Lair:5:   minmay_lair_end_enchanted_forest, layout_misc_corridors,
          minmay_slime_entry_jelly_boxes, serial_forest,
          infiniplex_forest_straight_5, infiniplex_forest_clump_tiny,
          infiniplex_forest_lined_3_way, infiniplex_forest_lined_3_way,
          infiniplex_forest_lined_room_2, infiniplex_forest_clump_diagonal,
          infiniplex_forest_straight_2, st_stairs_11,
          grunt_forest_large_clearings, infiniplex_staircase_pool
Shoals:1: layout_shoals, serial_shops, nicolae_shop_rolled_up,
          nicolae_shop_unique_rings
Shoals:2: cheibrodos_shoals_three_sisters, layout_shoals,
          nicolae_shop_dragon_depot
Shoals:3: layout_shoals, uniq_polyphemus
Shoals:4: shoals_end_hellmonk_holy_island
Spider:1: layout_chambers, drop_trap, uniq_aizul
Spider:2: layout_spider_delve, hangedman_spider_tarantella_strand
Spider:3: nicolae_spider_mines_3, nicolae_arachne_temple
Spider:4: floodkiller_spider_rune_tomb, nicolae_spider_bug_shape
Orc:1:    layout_caves, basic_altar, uniq_erolcha, uniq_urug
Orc:2:    pubby_orc_utopia
Vaults:1: nicolae_vaults_storage_closets_1, nicolae_vaults_variable_pillar_hall,
          gammafunk_the_bubble [the_bubble_gammafunk_split], v_misc_19,
          nicolae_vaults_tetromino_T_1, v_misc_26, nicolae_vaults_angled_halls,
          ontoclasm_vaults_fault, vaults_mumra_chevron_long,
          ontoclasm_vaults_pinch, ontoclasm_vaults_loading_screen,
          nicolae_vaults_shrinking_rooms_2, nicolae_vaults_double_plus_1,
          nicolae_vaults_house_3, layout_vaults_omnibox, serial_shops,
          nicolae_shop_peninsula
Vaults:2: nicolae_vaults_yaktaur_gun_rack, nicolae_vaults_network_periphery,
          nicolae_vaults_off_center_swirl, ontoclasm_vaults_bender,
          minmay_crypt_entry_simple_box, nicolae_vaults_surprise_closet,
          ontoclasm_vaults_ring_small, hangedman_vaults_snaps, v_misc_22,
          ontoclasm_vaults_ligature, nicolae_vaults_surprise_closet,
          layout_vaults_maze_snakey, serial_shops,
          nicolae_shop_advertising_works [nicolae_subvault_shop_adworks],
          uniq_norris, uniq_mara
Vaults:3: nicolae_vaults_branching_niches, nicolae_vaults_little_squares_5,
          nicolae_vaults_network_square, nicolae_vaults_network_s,
          vaults_standard_mumra_lines, dpeg_vaults_monster_box,
          hangedman_vaults_variations, nicolae_vaults_three_branches,
          nicolae_vaults_oval_intersection, nicolae_vaults_tetromino_L_2,
          nicolae_vaults_double_plus_2, v_misc_14, vaults_dpeg_emergency_exit,
          layout_vaults_ring
Vaults:4: v_rooms_1, nicolae_vaults_network_star,
          nicolae_vaults_doubleplus_tesselated,
          nicolae_vaults_trapezoid_lopsided_4, st_smaller_cells,
          nicolae_vaults_surprise_closet, hangedman_vaults_restitches,
          layout_vaults_chaotic_city
Vaults:5
Depths:1: layout_honeycomb, abyss_entry_small_statue_room,
          minmay_misc_feat_square, grunt_hell_entry_dis_grunt,
          nrook_mini_vaults, serial_bayou_crossing
Depths:2: hangedman_cross_cluster, layout_basic, enter_ziggurat_c, pan_entry,
          lightli_too_deep, chequers_serial_rivers_large_a,
          lightli_enter_wizlab_magi_temple, argonaut_fire_from_heaven
Depths:3: minmay_quantized_circle, layout_gridlike, abyss_entry,
          grunt_pan_entry_zigzag, hell_entry, nicolae_elyvilon_temple_path,
          serial_shops, shop, infiniplex_staircase_zigzag_4, minmay_shoptagon,
          serial_bayou_shore_b
Depths:4: grunt_zot_entry_funnels, layout_cave_shapes, hell_entry,
          minmay_door_square, lightli_corner_chamber, uniq_boris
Zot:1:    layout_gridlike
Zot:2:    lemuel_firehouse, layout_onion
Zot:3:    layout_cathedral_of_symmetry, grunt_ministairs_4, uniq_parghit
Zot:4:    layout_misc_corridors, regret_index_zotdec_bone_old
Zot:5:    layout_basic, regret_index_zotdec_stipple_waver, guppyfry_library_mini

Skill      XL: |  1  2  3  4  5  6  7  8  9 10 11 12 13 14 15 16 17 18 19 20 21 22 23 24 25 26 |
---------------+-------------------------------------------------------------------------------+-----
Polearms       | 3 4 5 6 7 9 10 11 13 14 16 17 18 19 20 21 22 23 24 25 26 27 | 27.0
Dodging        | 1 2 3 4 5 6 7 8 9 11 | 11.2
Fighting       | 4 5 6 7 9 10 12 13 15 16 17 18 19 20 21 22 23 24 25 27 | 27.0
Armour         | 4 5 6 7 8 9 10 11 13 14 15 16 17 19 20 21 22 23 24 26 27 | 27.0
Invocations    | 1 3 4 5 7 8 9 11 12 | 12.0
Shields        | 7 9 11 13 14 16 17 19 20 21 23 24 26 | 26.3

Action                     |  1- 3 |  4- 6 |  7- 9 | 10-12 | 13-15 | 16-18 | 19-21 | 22-24 | 25-27 || total
---------------------------+-------+-------+-------+-------+-------+-------+-------+-------+-------++-------
  Melee: Trident           |    80 |   159 |   233 |       |       |       |       |       |       ||   472
         Headbutt          |     7 |    28 |    61 |   149 |   182 |   326 |   549 |   442 |   326 ||  2070
         Halberd           |       |       |    94 |   461 |       |       |       |       |       ||   555
         Demon trident     |       |       |       |   382 |   954 |  1746 |  1853 |  1569 |  1206 ||  7710
 Invoke: Heroism           |       |       |     1 |       |     3 |     7 |    19 |    13 |     5 ||    48
         Finesse           |       |       |       |     5 |     6 |     6 |    20 |    13 |     7 ||    57
         Receive Weapon    |       |       |       |       |     1 |       |       |       |       ||     1
         Receive Armour    |       |       |       |       |     1 |       |       |       |       ||     1
  Evoke: Wand              |       |     7 |       |     1 |     4 |       |       |       |     2 ||    14
    Use: Scroll            |     3 |       |     4 |     2 |    14 |    18 |     7 |     4 |     6 ||    58
         Potion            |       |       |       |     1 |       |       |     3 |     2 |    11 ||    17
   Stab: Sleeping          |       |     1 |     3 |       |       |       |       |       |       ||     4
         Distracted        |       |       |     1 |       |       |       |       |       |       ||     1
         Petrified         |       |       |       |       |     3 |       |       |       |       ||     3
         Petrifying        |       |       |       |       |       |     1 |       |       |       ||     1
 Armour: Scale mail        |    41 |    37 |       |       |       |       |       |       |       ||    78
         Leather armour    |       |     6 |   140 |    50 |       |       |       |       |       ||   196
         Chain mail        |       |       |       |   228 |       |       |       |       |       ||   228
         Plate armour      |       |       |       |   241 |     2 |       |       |       |       ||   243
         Storm dragon scal |       |       |       |       |   627 |   651 |   505 |   390 |   200 ||  2373
         Gold dragon scale |       |       |       |       |       |       |       |       |   387 ||   387
  Dodge: Dodged            |    27 |    38 |   144 |   401 |   300 |   329 |   265 |   166 |   174 ||  1844
  Block: Buckler           |    11 |    15 |    52 |       |       |       |       |       |       ||    78
         Tower shield      |       |       |       |   197 |  1133 |  1642 |  1540 |   992 |  1193 ||  6697
         Reflection        |       |       |       |       |     8 |    94 |   116 |    12 |    28 ||   258
